 Dungeon Crawl Stone Soup version 0.29-a0-92-gee772dd00f (webtiles) character file.

Game seed: 2800006021805359385

7 jlumianski the Firebug (level 2, -2/20 HPs)
             Began as a Hill Orc Fire Elementalist on Feb 10, 2022.
             Slain by a quokka (3 damage)
             ... on level 1 of the Dungeon.
             The game lasted 00:04:00 (482 turns).

jlumianski the Firebug (Hill Orc Fire Elementalist)  Turns: 482, Time: 00:04:01

Health: -2/20      AC:  2    Str: 10    XL:     2   Next: 0%
Magic:  0/4        EV: 12    Int: 15    God:
Gold:   0          SH:  0    Dex: 11    Spells: 3/4 levels left

rFire   . . .      SeeInvis .   c - +0 dagger
rCold   . . .      Faith    .   (no shield)
rNeg    . . .      Spirit   .   a - +0 robe
rPois   .          Reflect  .   (no helmet)
rElec   .          Harm     .   (no cloak)
rCorr   .          Rampage  .   (no gloves)
Will    .....                   (no boots)
Stlth   ++........              (no amulet)
HPRegen 0.06/turn               (no ring)
MPRegen 0.09/turn               (no ring)

@: no status effects
A: no striking features
a: no special abilities


You were on level 1 of the Dungeon.
You visited 1 branch of the dungeon, and saw 1 of its levels.

Inventory:

Hand Weapons
 c - a +0 dagger (weapon)
Missiles
 b - 11 stones
Armour
 a - a +0 robe (worn)


   Skills:
 + Level 1.8 Dodging
 + Level 1.5 Stealth
 + Level 1.5 Spellcasting
 + Level 1.0 Conjurations
 + Level 3.6 Fire Magic


You had 3 spell levels left.
You knew the following spells:

 Your Spells              Type           Power      Damage    Failure   Level
a - Foxfire               Conj/Fire      32%        2x1d5     9%          1

Your spell library contained the following spells:

 Spells                   Type           Power      Damage    Failure   Level
 Scorch                   Fire           24%        2d6       8%          2
 Conjure Flame            Conj/Fire      8%         6-21      26%         3
 Inner Flame              Hex/Fire       6%         N/A       32%         3
 Blink                    Tloc           2%         N/A       34%         2
 Lesser Beckoning         Tloc           1%         N/A       56%         3
 Flame Wave               Conj/Fire      8%         2d5       65%         4
 Manifold Assault         Tloc           1%         N/A       100%        5


Dungeon Overview and Level Annotations

Branches:
Dungeon (1/15)

Altars:

Shops:
D:1 (


Message History

The giant cockroach is severely wounded.
The foxfire hits the giant cockroach.
The giant cockroach is moderately wounded.
The foxfire hits the giant cockroach.
The giant cockroach is almost dead.
The giant cockroach misses you. x2
Casting: Foxfire (safe; 10% risk of failure)
Confirm with . or Enter, or press ? or * to list all spells.
You conjure some foxfire!
The giant cockroach bites you.
* * * LOW HITPOINT WARNING * * *
The giant cockroach barely misses you.
You hit the giant cockroach.
You kill the giant cockroach!
The foxfire hits the ball python.
The ball python is severely wounded.
The foxfire hits the giant cockroach.
The giant cockroach is almost dead.
The bat hits you but does no damage. The giant cockroach misses you.
The giant cockroach closely misses you.
Unknown command.
Casting: Foxfire (safe; 10% risk of failure)
Confirm with . or Enter, or press ? or * to list all spells.
You conjure some foxfire!
The bat closely misses you. The ball python misses you.
The ball python completely misses you.
The foxfire hits the quokka.
The quokka is heavily wounded.
The giant cockroach misses you.
You hit the giant cockroach but do no damage.
The giant cockroach is almost dead.
The foxfire hits the giant cockroach.
You kill the giant cockroach!
The bat hits you.
* * * LOW HITPOINT WARNING * * *
The bat hits you but does no damage. The ball python barely misses you.
The ball python grabs you. The ball python constricts you.
* * * LOW HITPOINT WARNING * * *
You have reached level 2!
You escape the ball python's grasp.
The bat hits you but does no damage. The quokka bites you.
You die...

#.# ###r# #.# #.# #.#
#...# #.# #.# #.# #.###
#.# #.# #.# #.# #.# #.#
#.###.####### #.# #.#
.g..r......[.##.# #.#
.b###.....##.##.# ####
#.#
..###.###.##.##.###.....
#.. ...##.#
.##.##r@...### ###
r#.##.###.##.#.b........
...
..........##.#S####.####
... .#.###.........# #
.. l#.###..####.###
.#.##...####.#
..r.g..l.....#
.....#.####### .#...#.!.


You could see a quokka, a bat and a ball python.

Vanquished Creatures
  3 giant cockroaches (D:1)
  A kobold (D:1)
  2 bats (D:1)
6 creatures vanquished.

Vanquished Creatures (others)
  22 foxfires (D:1)
22 creatures vanquished.

Grand Total: 28 creatures vanquished

Notes
Turn   | Place    | Note
-------+----------+-------------------------------------------
     0 | D:1      | jlumianski the Hill Orc Fire Elementalist began the quest
                  | for the Orb.
     0 | D:1      | Reached XP level 1. HP: 14/14 MP: 3/3
   290 | D:1      | Found Hahev's Weapon Boutique.
   482 | D:1      | Reached XP level 2. HP: 1/20 MP: 0/4
   482 | D:1      | Slain by a quokka

Illustrated notes

Levels and vault maps discovered:
D:1:      dpeg_arrival_fog, layout_loops_ring, serial_shops, shop_statue

Action                   || total
-------------------------++-------
Melee: Dagger            ||    13
 Cast: Foxfire           ||    12
Armor: Robe              ||    23
Dodge: Dodged            ||    58

Table legend: (Time is in decaauts)
 A = Elapsed time spent in this place.
 B = Non-inter-level travel time spent in this place.
 C = Inter-level travel time spent in this place.
 D = Time resting spent in this place.
 E = Time spent auto-exploring this place.
 F = Levels seen in this place.
 G = Mean time per level.
                   A        B        C        D        E       F      G
               +--------+--------+--------+--------+--------+-----+--------+
         Total |    481 |    481 |      0 |      0 |    210 |   1 |  481.0 |
       Dungeon |    481 |    481 |      0 |      0 |    210 |   1 |  481.0 |
               +--------+--------+--------+--------+--------+-----+--------+

Top non-repeatable levels by time:
     D:1: 481 daAuts
